 Dungeon Crawl Stone Soup version 0.23.2-1-ga50397a (webtiles) character file.

Game seed: 1802528099555296766

23407 IBeShadow the Covert (level 12, -6/72 HPs)
             Began as a Deep Elf Fire Elementalist on May 31, 2019.
             Was an Elder of Vehumet.
             Mangled by a dream sheep (29 damage)
             ... on level 4 of the Lair of Beasts.
             The game lasted 00:58:39 (20820 turns).

IBeShadow the Covert (Deep Elf Fire Elementalist)  Turns: 20820, Time: 00:58:39

Health: -6/72      AC: 10    Str:  5    XL:     12   Next: 71%
Magic:  9/27       EV: 13    Int: 26    God:    Vehumet [****..]
Gold:   783        SH:  0    Dex: 15    Spells: 3/29 levels left

rFire    + . .     SeeInvis .   A - +8 spear "Newt's Foe" {pierce, +Fly}
rCold    . . .     Gourm    .   (no shield)
rNeg     . . .     Faith    .   O - +0 steam dragon scales
rPois    .         Spirit   .   n - +2 helmet
rElec    .         Reflect  .   B - +0 cloak {MR+}
rCorr    +         Harm     .   (no gloves)
MR       ++...                  g - +0 pair of boots
Stlth    +++++.....             (no amulet)
HPRegen  0.22/turn              i - ring of resist corrosion
MPRegen  0.20/turn              w - ring of protection from fire

@: sleeping
A: no striking features
a: Renounce Religion, Evoke Flight


You were on level 4 of the Lair of Beasts.
You worshipped Vehumet.
Vehumet was greatly pleased with you.
You were hungry.

You visited 3 branches of the dungeon, and saw 14 of its levels.

You collected 783 gold pieces.

Inventory:

Hand Weapons
 A - the +8 spear "Newt's Foe" (weapon) {pierce, +Fly}
   (You found it on level 7 of the Dungeon)

   It inflicts extra damage upon your enemies.
   It lets you fly.
 C - a +0 short sword of electrocution
Armour
 d - a +1 leather armour of cold resistance
 g - a +0 pair of boots (worn)
 n - a +2 helmet (worn)
 B - a +0 cloak of magic resistance (worn)
 E - the +1 shield "Keafenuh" {+Blink Slay+3}
   (You found it on level 1 of the Lair of Beasts)

   It affects your accuracy and damage with ranged weapons and melee attacks
   (+3).
   It lets you blink.
 O - +0 steam dragon scales (worn)
Magical Staves
 H - an uncursed staff of conjuration
Jewellery
 i - a ring of resist corrosion (left hand)
 w - a ring of protection from fire (right hand)
Wands
 v - a wand of random effects (43)
 z - a wand of acid (7)
 D - a wand of clouds (7)
 I - a wand of enslavement (11)
 K - a wand of polymorph (8)
 P - a wand of paralysis (7)
Scrolls
 e - 3 scrolls of identify
 f - a scroll of enchant armour
 h - 13 scrolls of remove curse
 l - 2 scrolls of teleportation
 o - a scroll of fear
 q - 3 scrolls of amnesia
 r - 4 scrolls of magic mapping
 u - a scroll of fog
 y - a scroll of enchant weapon {unknown}
 L - a scroll of noise {unknown}
Potions
 a - 2 potions of berserk rage {unknown}
 b - a potion of invisibility
 j - a potion of degeneration {unknown}
 k - 5 potions of curing
 m - 2 potions of agility
 p - a potion of lignification {unknown}
 s - a potion of brilliance {unknown}
 t - 2 potions of heal wounds
 x - 2 potions of magic {unknown}
 F - a potion of experience {unknown}
 G - 2 potions of resistance
 J - a potion of ambrosia {unknown}
 M - a potion of haste {unknown}
 N - a potion of cancellation {unknown}
Comestibles
 c - 23 rations


   Skills:
 + Level 7.0 Fighting
 - Level 3.7 Polearms
 - Level 2.8 Dodging
 - Level 10.9 Stealth
 + Level 4.1 Shields
 + Level 9.2 Spellcasting
 + Level 9.8 Conjurations
 - Level 6.6 Summonings
 + Level 10.5 Fire Magic
 + Level 3.5 Air Magic
 - Level 4.4 Evocations


You had 3 spell levels left.
You knew the following spells:

 Your Spells              Type           Power        Failure   Level  Hunger
a - Flame Tongue          Conj/Fire      #####        1%          1    None
b - Throw Flame           Conj/Fire      ######       1%          2    None
c - Conjure Flame         Conj/Fire      ######..     1%          3    None
d - Sticky Flame          Conj/Fire      ######..     1%          4    #......
e - Inner Flame           Hex/Fire       #####...     1%          3    None
f - Call Imp              Summ           #####...     1%          2    None
g - Fireball              Conj/Fire      ######....   1%          5    ####...
h - Conjure Ball Lightni  Conj/Air       #####.....   13%         6    ######.

Your spell library contained the following spells:

 Spells                   Type           Power        Failure   Level  Hunger
 Magic Dart               Conj           ####         1%          1    None
 Summon Small Mammal      Summ           ####         1%          1    None
 Searing Ray              Conj           ######       1%          2    None
 Call Canine Familiar     Summ           #####...     1%          3    None
 Dazzling Spray           Conj/Hex       #####.       1%          3    None
 Recall                   Summ/Tloc      N/A          3%          3    None
 Summon Guardian Golem    Hex/Summ       ####....     3%          3    None
 Force Lance              Conj/Tloc      #####...     1%          4    #......
 Fulminant Prism          Conj/Hex       #####.....   1%          4    #......
 Iskenderun's Mystic Bla  Conj           ######..     1%          4    #......
 Summon Lightning Spire   Summ/Air       #####...     6%          4    #......
 Summon Ice Beast         Ice/Summ       ####....     13%         4    #......
 Animate Dead             Necr           N/A          45%         4    #......
 Borgnjor's Vile Clutch   Necr/Erth      ##........   80%         5    ####...
 Death Channel            Necr           ##........   100%        6    ######.
 Simulacrum               Ice/Necr       ##........   100%        6    ######.


Dungeon Overview and Level Annotations

Branches:
Dungeon (9/15)             Temple (1/1) D:6            Lair (4/6) D:9
  Snake (0/4) Lair:4
  Swamp: Lair:2-4    Shoals: Lair:2-4       Orc: D:9-12

Altars:
Ashenzari
Cheibriados
Dithmenos
Elyvilon
Fedhas
Gozag
Hepliaklqana
Kikubaaqudgha
Makhleb
Nemelex Xobeh
Okawaru
Qazlal
Ru
Sif Muna
Trog
Uskayaw
Vehumet
Wu Jian
Xom
Yredelemnul
Zin
The Shining One

Shops:
D:8 (


Message History

Press: ? - help, Shift-Dir - straight line, f - dream sheep, p - dream sheep
Aim: a dream sheep The sticky flame hits the dream sheep!
The dream sheep is moderately wounded.
The dream sheep is covered in liquid flames!
The dream sheep burns!
You kill the dream sheep!
Vehumet accepts your kill.
Your Fighting skill increases to level 7!
The dream sheep burns! x3; The dream sheep bites you.
The dream sheep shake their wool and sparkle.
You feel drowsy...
You fall asleep.
The dream sheep misses you.
The dream sheep burns!
You kill the dream sheep!
Vehumet accepts your kill.
You feel your power returning.
The dream sheep burns!
The dream sheep stops burning.
The dream sheep burns!
The dream sheep bites you!!
You die...

#.#....# #.........###......
####...# ##................# #
#...# #$...............## #
#...# #.........†......# #
##...## #..........#....#
#.....## #...........#
####.....# #.........##.....#
..##...P####....†Y...# ....##
####..PPP.......@Y...###....#
..##..PP>.............# ....#
..##.................## ....#
..#....P###...........#.....###.
.......## #...........#....#.#..
.......## #..........###........
........# ##...........#.......
###....## #.........##...... #
#....P# ##...............#


You could see 2 dream sheep.

Vanquished Creatures
  A two-headed ogre (D:8)
  5 death yaks
  A lindwurm (Lair:3)
  8 spiny frogs
  2 komodo dragons
  A kobold demonologist (D:9)
  A queen bee (Lair:3)
  A troll (D:9)
  3 blink frogs
  13 dream sheep (Lair:4)
  3 hippogriffs
  29 yaks
  A steam dragon (Lair:2)
  4 nagas (Lair:4)
  6 water moccasins
  5 porcupines
  4 ice beasts
  A black bear (D:7)
  2 sky beasts
  2 phantoms (D:8)
  9 wolves
  3 ogres
  7 crocodiles
  3 centaurs
  9 big kobolds (D:9)
  6 bullfrogs
  3 scorpions
  17 killer bees
  4 wights (D:8)
  7 crimson imps
  2 jellies
  A bullfrog zombie (D:5)
  5 orc priests
  14 orc wizards
  5 hounds
  A centaur skeleton (D:6)
  2 iguanas
  8 worker ants
  A killer bee zombie (D:8)
  2 hound skeletons
  2 howler monkey skeletons
  11 adders
  4 shadow imps
  An ooze (D:1)
  An adder zombie (D:9)
  3 worms
  2 dart slugs (D:2)
  3 leopard geckos
  35 orcs
  4 bats
  4 giant cockroaches
  12 goblins
  5 hobgoblins
  2 jackals (D:2)
  7 quokkas
  5 ball pythons
  A ball python skeleton (D:4)
  9 frilled lizards
  22 kobolds
  A leopard gecko skeleton (D:5)
  2 leopard gecko zombies
  4 rats
  A plant (Lair:4)
343 creatures vanquished.

Vanquished Creatures (collateral kills)
  3 yaks (Lair:2)
  An orc warrior (D:9)
4 creatures vanquished.

Vanquished Creatures (others)
  6 ball lightnings (Lair:4)
  An orc wizard (D:5)
  4 fungi
  A plant (Lair:2)
12 creatures vanquished.

Grand Total: 359 creatures vanquished

Notes
Turn   | Place    | Note
-------+----------+-------------------------------------------
     0 | D:1      | IBeShadow the Deep Elf Fire Elementalist began the quest
                  | for the Orb.
     0 | D:1      | Reached XP level 1. HP: 10/10 MP: 6/6
   330 | D:1      | Reached XP level 2. HP: 10/15 MP: 2/8
   716 | D:2      | Reached XP level 3. HP: 19/19 MP: 6/9
   794 | D:2      | Found a radiant altar of Vehumet.
   807 | D:2      | Became a worshipper of Vehumet
   825 | D:2      | Found a glowing golden altar of the Shining One.
  1030 | D:2      | Found a sacrificial altar of Ru.
  1099 | D:2      | Learned a level 2 spell: Throw Flame
  1459 | D:2      | Reached XP level 4. HP: 9/24 MP: 11/11
  2064 | D:3      | Learned a level 3 spell: Conjure Flame
  2200 | D:3      | Reached * piety under Vehumet
  2200 | D:3      | Offered knowledge of Freeze by Vehumet.
  2200 | D:3      | Reached XP level 5. HP: 14/28 MP: 4/13
  3864 | D:4      | Noticed an ogre
  3878 | D:4      | Killed an ogre
  3878 | D:4      | Reached skill level 5 in Fire Magic
  3878 | D:4      | Reached XP level 6. HP: 32/32 MP: 1/15
  4006 | D:4      | Reached skill level 5 in Spellcasting
  4180 | D:4      | Reached ** piety under Vehumet
  4180 | D:4      | Offered knowledge of Sting by Vehumet.
  4187 | D:4      | Learned a level 2 spell: Call Imp
  4460 | D:5      | Entered Level 5 of the Dungeon
  4492 | D:5      | Reached skill level 5 in Stealth
  4525 | D:5      | Found a deep blue altar of Sif Muna.
  4525 | D:5      | Found a sparkling altar of Nemelex Xobeh.
  4525 | D:5      | Noticed an ice beast
  4527 | D:5      | Found a white marble altar of Elyvilon.
  4538 | D:5      | Killed an ice beast
  4538 | D:5      | Reached skill level 1 in Summonings
  4538 | D:5      | Reached XP level 7. HP: 32/37 MP: 16/16
  4620 | D:5      | Found a basalt altar of Yredelemnul.
  4621 | D:5      | Found a glowing golden altar of the Shining One.
  4740 | D:5      | Reached skill level 1 in Fighting
  4954 | D:5      | Learned a level 3 spell: Inner Flame
  5354 | D:5      | Learned a level 4 spell: Sticky Flame
  5931 | D:5      | Found Teeg's Distillery.
  5935 | D:5      | Reached XP level 8. HP: 44/44 MP: 12/17
  6476 | D:6      | Offered knowledge of Dazzling Spray by Vehumet.
  6717 | D:6      | Found a shattered altar of Ashenzari.
  6774 | D:6      | You fall through a shaft for 2 floors!
  6878 | D:7      | Reached skill level 5 in Conjurations
  7023 | D:7      | Reached *** piety under Vehumet
  7278 | D:7      | Got an ichor-stained spear
  7279 | D:7      | Identified the +8 spear "Newt's Foe" {pierce, +Fly} (You
                  | found it on level 7 of the Dungeon)
  7960 | D:7      | Noticed a hippogriff
  7974 | D:7      | Killed a hippogriff
  8172 | D:6      | Reached XP level 9. HP: 51/51 MP: 12/18
  8434 | D:6      | Found a staircase to the Ecumenical Temple.
  8646 | Temple   | Entered the Ecumenical Temple
  9134 | D:8      | Noticed a two-headed ogre
  9249 | D:8      | Reached skill level 1 in Polearms
  9475 | D:8      | Found Hefalita's Weapon Shoppe.
  9551 | D:8      | Reached skill level 5 in Summonings
  9603 | D:8      | Offered knowledge of Force Lance by Vehumet.
 10089 | D:8      | Killed a two-headed ogre
 10363 | D:9      | Reached XP level 10. HP: 52/58 MP: 11/19
 10560 | D:9      | Reached **** piety under Vehumet
 11673 | D:9      | Found a staircase to the Lair.
 12003 | D:9      | Reached skill level 5 in Fighting
 12390 | D:9      | Offered knowledge of Bolt of Draining by Vehumet.
 12833 | Lair:1   | Entered Level 1 of the Lair of Beasts
 12890 | D:9      | Reached skill level 1 in Evocations
 13078 | Lair:1   | Noticed a spiny frog
 13091 | Lair:1   | Killed a spiny frog
 13091 | Lair:1   | Reached XP level 11. HP: 40/64 MP: 9/21
 13447 | Lair:1   | Learned a level 5 spell: Fireball
 13664 | Lair:1   | Got an ichor-stained shield
 13670 | Lair:1   | Identified the +1 shield "Keafenuh" {+Blink Slay+3} (You
                  | found it on level 1 of the Lair of Beasts)
 13861 | D:9      | Reached skill level 10 in Stealth
 13888 | D:9      | HP: 2/64 [blink frog (17)]
 14749 | Lair:1   | Reached skill level 1 in Shields
 17873 | Lair:3   | Reached XP level 12. HP: 70/70 MP: 18/25
 17902 | Lair:2   | Reached ***** piety under Vehumet
 17909 | Lair:2   | HP: 3/70 [poisoned by a killer bee]
 17914 | Lair:2   | HP: 2/70 [poisoned by a killer bee]
 17921 | Lair:2   | HP: 2/70 [poisoned by a killer bee]
 17929 | Lair:2   | HP: 2/70 [poisoned by a killer bee]
 18277 | Lair:3   | Offered knowledge of Conjure Ball Lightning by Vehumet.
 18288 | Lair:3   | Learned a level 6 spell: Conjure Ball Lightning
 18575 | Lair:3   | Got a colourful robe
 18576 | Lair:3   | Identified the +1 robe of Boiling Hail {rN+ Int-5 Dex+5}
                  | (You found it on level 3 of the Lair of Beasts)
 18787 | Lair:3   | Reached skill level 10 in Fire Magic
 19182 | Lair:3   | Reached skill level 1 in Air Magic
 19837 | Lair:4   | Noticed a death yak
 19837 | Lair:4   | Noticed a death yak
 19904 | Lair:3   | Killed a death yak
 20044 | Lair:4   | Noticed a death yak
 20044 | Lair:4   | Noticed a death yak
 20064 | Lair:3   | Killed a death yak
 20214 | Lair:4   | Found a staircase to the Snake Pit.
 20394 | Lair:4   | Noticed a death yak
 20399 | Lair:4   | Killed a death yak
 20406 | Lair:4   | Killed a death yak
 20436 | Lair:3   | Killed a death yak
 20820 | Lair:4   | Mangled by a dream sheep

Skill      XL: |  1  2  3  4  5  6  7  8  9 10 11 12 |
---------------+-------------------------------------+-----
Fire Magic     | 4 5 6 7 8 9 10 | 10.5
Stealth        | 3 4 5 6 7 8 9 10 | 10.9
Conjurations   | 2 3 4 5 6 8 9 |  9.8
Spellcasting   | 4 5 7 9 |  9.2
Summonings     | 1 2 4 5 6 |  6.6
Fighting       | 2 3 4 5 6 7 |  7.0
Polearms       | 2 3 |  3.7
Evocations     | 1 4 |  4.4
Shields        | 2 4 |  4.1
Air Magic      | 3 |  3.5
Dodging        | |  2.8

Action                   |  1- 3 |  4- 6 |  7- 9 | 10-12 || total
-------------------------+-------+-------+-------+-------++-------
Melee: Dagger            |    10 |    82 |   150 |       ||   242
       Spear             |       |       |   121 |    95 ||   216
 Cast: Flame Tongue      |    57 |    20 |    69 |    61 ||   207
       Throw Flame       |     4 |    15 |    19 |    28 ||    66
       Conjure Flame     |       |     3 |     3 |     8 ||    14
       Sticky Flame      |       |       |    28 |   127 ||   155
       Inner Flame       |       |       |     2 |     6 ||     8
       Call Imp          |       |       |     2 |    13 ||    15
       Fireball          |       |       |       |     9 ||     9
       Conjure Ball Ligh |       |       |       |     3 ||     3
Evoke: Wand              |       |       |     3 |     1 ||     4
  Use: Scroll            |       |     1 |     8 |     7 ||    16
       Potion            |       |       |     1 |     3 ||     4
 Stab: Sleeping          |       |     9 |     9 |    17 ||    35
       Distracted        |       |     1 |       |     3 ||     4
  Eat: Chunk             |     2 |     9 |    12 |    25 ||    48
       Ration            |       |       |     3 |     6 ||     9
Armor: Robe              |     3 |     3 |       |       ||     6
       Leather armour    |       |    24 |    98 |    56 ||   178
       Steam dragon scal |       |       |       |    50 ||    50
Dodge: Dodged            |    12 |    37 |   156 |   203 ||   408
Block: Shield            |       |       |       |     6 ||     6
